 Dungeon Crawl Stone Soup version 0.31.0-11-ge490571c62 (webtiles) character file.

Game seed: 14986143739345290109

80 qw the Shooter (level 4, -1/25 HPs)
             Began as a Deep Elf Hunter on Feb 4, 2024.
             Slain by an orc wizard
             ... wielding a +0 dagger
              (3 damage)
             ... on level 3 of the Dungeon.
             The game lasted 00:00:06 (1426 turns).

qw the Shooter (Deep Elf Hunter)                    Turns: 1426, Time: 00:00:06

Health: -1/25      AC:  4    Str: 10    XL:     4   Next: 18%
Magic:  6/6        EV: 12    Int: 14    God:
Gold:   44         SH:  0    Dex: 18    Spells: 3/3 levels left

rFire   . . .        a - +0 shortbow
rCold   . . .        (shield currently unavailable)
rNeg    . . .        c - +0 leather armour
rPois   .            i - +0 helmet
rElec   .            (no cloak)
rCorr   .            (no gloves)
SInv    .            (no boots)
Will    .....        (no amulet)
Stlth   ++           (no ring)
HPRegen 0.24/turn    (no ring)
MPRegen 0.10/turn

%: no passive effects
@: no status effects
A: hooves 1
a: no special abilities


You were on level 3 of the Dungeon.
You visited 1 branch of the dungeon, and saw 3 of its levels.

You collected 122 gold pieces.
You spent 78 gold pieces at shops.


Innate Abilities, Weirdness & Mutations

You have large cloven feet.


   Skills:
 - Level 1.5 Fighting
 + Level 7.6 Ranged Weapons
 - Level 2.4 Dodging
 - Level 1.2 Stealth


You had 3 spell levels left.
You didn't know any spells.
Your spell library was empty.

Inventory:

Hand Weapons
 a - a +0 shortbow (weapon)
Armour
 c - a +0 leather armour (worn)
 i - a +0 helmet (worn)
Potions
 f - 2 potions of mutation
 g - 2 potions of curing

Dungeon Overview and Level Annotations

Branches:
Dungeon (3/15)

Altars:
Vehumet

Shops:
D:3 !(


Message History

Something hits you.
You shoot an arrow. Something hits you but does no damage.
You shoot an arrow. Something hits you.
You shoot an arrow. Something hits you.
You shoot an arrow. Something hits you but does no damage.
You shoot an arrow. Something hits you but does no damage.
You shoot an arrow. Something hits you but does no damage.
You shoot an arrow.
You hear some strange, mumbled words.
You are confused.
You shoot an arrow. Something hits you.
You shoot an arrow. Something hits you but does no damage.
You shoot an arrow. Something hits you but does no damage.
You shoot an arrow. Something hits you. x2
You shoot an arrow. Something hits you.
You shoot an arrow.
You hear some strange, mumbled words.
A puff of flame appears from out of thin air!
The puff of flame hits you.
You shoot an arrow.
You feel less confused. Something hits you.
You shoot an arrow. Something hits you.
You shoot an arrow. Something hits you.
You shoot an arrow. Something hits you.
You die...

....# #.#.### ....##
#.....## ##...# #.... .
##.#.#### #.#.#.#
........######.#.#.###.
.......................
.....8.........\.#.#####
##..8.8...#......#..)...
...8...8........@)......
..8..\..8........{.[....
##.8...8..%.##.###.#####
....8.8..#.....# .#
#....8...##.#..# .#
.#####.####.##.. # . ...
. .### . .#


There were no monsters in sight!

Vanquished Creatures
  2 adders (D:2)
  4 dart slugs
  2 orcs (D:3)
  6 ball pythons
  3 endoplasms
  4 giant cockroaches
  6 goblins
  8 hobgoblins
  5 jackals (D:2)
  2 bats
  3 kobolds
  4 rats
49 creatures vanquished.

Notes
Turn   | Place    | Note
-------+----------+-------------------------------------------
     0 | D:1      | qw the Deep Elf Hunter began the quest for the Orb.
     0 | D:1      | Reached XP level 1. HP: 12/12 MP: 3/3
     0 | D:1      | 0 ||| qw: Version: 0.3-a-160-g6735b56
     0 | D:1      | 0 ||| qw: Game counter: 5525
     0 | D:1      | 0 ||| qw: Melee chars always use a shield: true
     0 | D:1      | 0 ||| qw: God list: Okawaru
     0 | D:1      | 0 ||| qw: Allow faded altars: false
     0 | D:1      | 0 ||| qw: Do Orc after clearing Dungeon:15 true
     0 | D:1      | 0 ||| qw: Do second Lair branch before Depths: true
     0 | D:1      | 0 ||| qw: Lair rune preference: random
     0 | D:1      | 0 ||| qw: Goals: Normal
     0 | D:1      | 0 ||| PLANNING D:1-11
   209 | D:1      | Reached skill level 6 in Ranged Weapons
   209 | D:1      | Reached XP level 2. HP: 16/16 MP: 4/4
   670 | D:1      | 670 ||| UPGRADING to +0 helmet.
   675 | D:1      | 675 ||| READING 3 scrolls labelled MAMEXUI ZIUNATETAS.
   675 | D:1      | 675 ||| IDENTIFYING fuming amethyst potion
   676 | D:1      | 676 ||| READING 2 scrolls of identify.
   676 | D:1      | 676 ||| IDENTIFYING smoky purple potion
   677 | D:1      | 677 ||| READING scroll of identify.
   677 | D:1      | 677 ||| IDENTIFYING 2 inky potions
   678 | D:1      | 678 ||| READING scroll labelled UQIAGR ENEM.
   683 | D:1      | 683 ||| DRINKING 3 silvery potions.
   683 | D:1      | Gained mutation: You have large cloven feet. [potion of
                  | mutation]
   684 | D:1      | 684 ||| DROPPING scroll of butterflies.
   685 | D:1      | 685 ||| DROPPING potion of invisibility.
   686 | D:1      | 686 ||| DROPPING 2 potions of ambrosia.
   704 | D:2      | Found a radiant altar of Vehumet.
   713 | D:2      | 713 ||| FLEEEEING.
   714 | D:2      | 714 ||| FLEEEEING.
   715 | D:2      | 715 ||| FLEEEEING.
   788 | D:2      | Reached XP level 3. HP: 20/20 MP: 5/5
   910 | D:2      | Reached skill level 7 in Ranged Weapons
  1107 | D:2      | Reached XP level 4. HP: 25/25 MP: 6/6
  1203 | D:2      | 1203 ||| READING scroll labelled GON MIKIDGHAGA.
  1359 | D:3      | Found Xeuthru's Distillery.
  1369 | D:3      | 1369 ||| BUYING 2 potions of curing (78 gold).
  1369 | D:3      | Bought 2 potions of curing for 78 gold pieces
  1369 | D:3      | 1369 ||| SHOPLISTING potion of enlightenment (65 gold, have
                  | 24).
  1369 | D:3      | 1369 ||| SHOPLISTING potion of heal wounds (65 gold, have
                  | 24).
  1369 | D:3      | 1369 ||| SHOPLISTING potion of mutation (104 gold, have
                  | 24).
  1386 | D:3      | Found Biaxoapsye's Antique Weapon Shop.
  1395 | D:3      | 1395 ||| SHOPLISTING arbalest (94 gold, have 44).
  1395 | D:3      | 1395 ||| SHOPLISTING runed orcbow (136 gold, have 44).
  1407 | D:3      | 1407 ||| DRINKING 3 potions of curing.
  1407 | D:3      | 1407 ||| (to cure confusion)
  1422 | D:3      | HP: 5/25 [something/puff of flame (6)]
  1425 | D:3      | HP: 2/25 [something (2)]
  1426 | D:3      | Slain by an orc wizard

Levels and vault maps discovered:
D:1:      pf_arrival_petrified_forest, layout_basic
D:2:      minmay_angry_zag, layout_rooms, basic_altar
D:3:      layout_basic, chequers_ecumenical_altar_island, serial_shops,
          nicolae_shop_statue_plus, nicolae_diamond_shop, shop,
          nicolae_shop_tiny_glass, shop_fountains, minmay_hedge_maze

Skill      XL: |  1  2  3 |
---------------+----------+-----
Ranged Weapons | 6 7 |  7.6
Fighting       | |  1.5
Dodging        | |  2.4
Stealth        | |  1.2

Action                     |  1- 3 |  4- 6 || total
---------------------------+-------+-------++-------
   Fire: Shortbow          |   108 |    49 ||   157
    Use: Scroll            |     4 |     1 ||     5
         Potion            |     1 |     1 ||     2
 Armour: Leather armour    |    15 |    25 ||    40
  Dodge: Dodged            |    15 |    11 ||    26

Table legend:
 A = Non-vault XP
 B = Vault XP
 C = Vault XP percentage of total XP
 D = Non-vault monster count
 E = Vault monster count
 F = Vault count percentage of total count
                 A         B        C        D         E       F
            +---------+---------+-------+---------+---------+-------
      Total |     108 |       7 |   6.1 |      45 |       4 |   8.2
            +---------+---------+-------+---------+---------+-------
        D:1 |      25 |       0 |   0.0 |      11 |       0 |   0.0
        D:2 |      72 |       7 |   8.9 |      28 |       4 |  12.5
        D:3 |      11 |       0 |   0.0 |       6 |       0 |   0.0
            +---------+---------+-------+---------+---------+-------
